 Dungeon Crawl Stone Soup version 0.30-a0-622-gddc90eaa04 (webtiles) character file.

Game seed: 15871814018939744782

4716 lesbiats the Grappler (level 10, -1/98 HPs)
             Began as a Troll Fighter on Jan 11, 2023.
             Was an Initiate of Wu Jian.
             Slain by an orc warrior
             ... wielding a +1 halberd of protection
              (18 damage)
             ... on level 8 of the Dungeon.
             The game lasted 00:26:07 (7712 turns).

lesbiats the Grappler (Troll Fighter)               Turns: 7712, Time: 00:26:08

Health: -1/98      AC:  7    Str: 26    XL:     10   Next: 22%
Magic:  9/9        EV: 10    Int:  8    God:    Wu Jian [......]
Gold:   254        SH:  9    Dex: 11    Spells: 9/9 levels left

rFire   + + .      SeeInvis .      - Unarmed
rCold   . . .      Faith    .    b - +0 kite shield
rNeg    + . .      Spirit   .    I - +0 steam dragon scales
rPois   +          Reflect  .    (helmet restricted)
rElec   +          Harm     .    (no cloak)
rCorr   .          Rampage  .    (gloves unavailable)
Will    +....                    (boots unavailable)
Stlth   +                        (no amulet)
HPRegen 1.16/turn                q - ring of positive energy
MPRegen 0.11/turn                u - ring of Yesterday {rElec rPois rF++ Will+ Dex+2}

@: no status effects
A: large, unfitting armour, claws 3, regeneration 1, shaggy fur 1, tough skin 1
a: Renounce Religion


You were on level 8 of the Dungeon.
You worshipped Wu Jian.
Wu Jian was noncommittal.
You visited 2 branches of the dungeon, and saw 9 of its levels.

You collected 254 gold pieces.

Inventory:

Missiles
 a - a curare-tipped dart
 i - 18 poisoned darts (quivered)
 y - 5 datura-tipped darts
 B - 3 boomerangs
Armour
 b - a +0 kite shield (worn)
 I - +0 steam dragon scales (worn)
Jewellery
 q - a ring of positive energy (left claw)
 u - the ring of Yesterday (right claw) {rElec rPois rF++ Will+ Dex+2}
   (You found it on level 3 of the Dungeon)

   [ring of willpower]

   Dex:       It affects your dexterity (+2).
   rF:        It greatly protects you from fire.
   rElec:     It insulates you from electricity.
   rPois:     It protects you from poison.
   Will:      It increases your willpower.
 G - an amulet of faith
Wands
 E - a wand of mindburst (10)
Scrolls
 d - 2 scrolls of fear {unknown}
 f - 2 scrolls of noise {unknown}
 h - 2 scrolls of enchant armour
 k - 3 scrolls of blinking
 l - 2 scrolls of silence {unknown}
 m - a scroll of magic mapping {unknown}
 n - a scroll of summoning {unknown}
 o - 4 scrolls of teleportation
 p - 5 scrolls of amnesia
 s - a scroll of enchant weapon {unknown}
 v - 2 scrolls of fog {unknown}
 D - 2 scrolls of immolation {unknown}
Potions
 c - a potion of might
 e - 3 potions of magic
 g - 4 potions of curing
 j - 2 potions of lignification {unknown}
 r - 4 potions of flight
 t - a potion of cancellation {unknown}
 w - a potion of ambrosia {unknown}
 x - 2 potions of attraction
 z - 3 potions of heal wounds
 A - 2 potions of degeneration {unknown}
 C - a potion of brilliance {unknown}
 F - a potion of mutation {unknown}
 H - 2 potions of berserk rage {unknown}


   Skills:
 + Level 6.3 Fighting
 + Level 5.3 Dodging
 + Level 6.9 Shields
 * Level 10.1 Unarmed Combat


You had 9 spell levels left.
You didn't know any spells.
Your spell library contained the following spells:

 Spells                   Type           Power      Damage    Failure   Level
 Apportation              Tloc           0%         N/A       65%         1
 Kiss of Death            Conj/Necr      0%         2d5       65%         1
 Necrotise                Necr           0%         1d4       65%         1
 Summon Small Mammal      Summ           0%         N/A       65%         1
 Confusing Touch          Hex            0%         N/A       95%         3
 Dispel Undead            Necr           0%         3d6       100%        4


Dungeon Overview and Level Annotations

Branches:
Dungeon (8/15)             Temple (1/1) D:5
   Lair: D:8-11

Altars:
Ashenzari
Cheibriados
Dithmenos
Elyvilon
Gozag
Kikubaaqudgha
Makhleb
Nemelex Xobeh
Okawaru
Qazlal
Ru
Trog
Uskayaw
Vehumet
Wu Jian
Xom
Yredelemnul
Zin
The Shining One

Shops:
D:2 =

Annotations:
D:6 3 runed translucent doors, Vylera's ghost, novice DjFE; crux's ghost, novice OpTm
D:7 4 runed translucent doors


Innate Abilities, Weirdness & Mutations

You are too large for most types of armour.
You have claws for hands.
Your natural rate of healing is unusually fast.
You are covered in fur. (AC +1)
You have tough skin. (AC +1)


Message History

The orc warrior hits you from afar with a +1 halberd of protection.
The kobold moves out of view.
The orc attacks as you move away! You block the orc's attack.
The kobold attacks as you move away! The kobold hits you but does no damage.
The kobold shouts!
The kobold brigand hits you with a +0 club.
The orc warrior hits you from afar with a +1 halberd of protection!
You block the orc warrior's attack.
You claw the kobold brigand!
The kobold brigand is heavily wounded.
The kobold brigand hits you but does no damage.
The orc warrior hits you but does no damage.
The kobold brigand hits you with a +0 club.
You block the orc warrior's attack.
You scratch the kobold brigand.
The kobold brigand is severely wounded.
You feel yourself speed up. The kobold brigand closely misses you.
The orc warrior hits you from afar with a +1 halberd of protection.
You barely miss the kobold brigand.
The kobold brigand is severely wounded.
The kobold brigand hits you but does no damage.
The orc warrior hits you from afar with a +1 halberd of protection!
* * * LOW HITPOINT WARNING * * *
You mangle the kobold brigand!!
You kill the kobold brigand!
The Council accepts your kill. You block the orc warrior's attack.
You scratch the kobold.
The kobold is severely wounded.
You block the orc warrior's attack. The kobold hits you with a +0 club.
* * * LOW HITPOINT WARNING * * *
You claw the kobold!
You kill the kobold!
The Council accepts your kill.
The orc warrior hits you from afar with a +1 halberd of protection!
* * * LOW HITPOINT WARNING * * *
You closely miss the kobold. The kobold hits you but does no damage.
The orc warrior hits you from afar with a +1 halberd of protection!!
You die...

###.......#..#...
###._.###..#...
###.......#.##...
#.#...#...#.##...
#.#...#..†#.##...
#.'#######'..#.##
##....##......#.##
#..#####.#.##.#...
#@## # #....#..#
#######K#
####.#..#
#/....oo####
#.####.....
#.#...KoK..#
#......##..
#.#..##.#..#
#####.#####
#.)..##.#..# #..#
# #.#.##... ...
...# ## #....
..#..### ......#.
###o........
.......#.


You could see an orc warrior, 2 orcs and 3 kobolds.

Vanquished Creatures
  A two-headed ogre (D:7)
  Grinder (D:5)
  Eustachio (D:4)
  A steam dragon (D:7)
  Edmund (D:5)
  Menkaure (D:7)
  5 water moccasins
  An orc warrior (D:7)
  An ice beast (D:5)
  2 ogres
  3 centaurs
  2 kobold brigands (D:8)
  9 bullfrogs
  5 scorpions
  6 killer bees (D:8)
  7 electric eels (D:7)
  A howler monkey (D:6)
  A jelly (D:8)
  5 hounds
  4 orc priests
  4 iguanas
  8 orc wizards
  6 adders
  A white imp (D:7)
  An ufetubus (D:7)
  3 worms
  3 dart slugs
  14 orcs
  7 endoplasms
  10 giant cockroaches
  9 hobgoblins
  5 jackals
  2 quokkas (D:4)
  7 ball pythons
  8 bats
  7 frilled lizards
  10 goblins
  16 kobolds
  10 rats
189 creatures vanquished.

Vanquished Creatures (others)
  12 plants (D:7)
12 creatures vanquished.

Grand Total: 201 creatures vanquished

Notes
Turn   | Place    | Note
-------+----------+-------------------------------------------
     0 | D:1      | lesbiats the Troll Fighter began the quest for the Orb.
     0 | D:1      | Reached XP level 1. HP: 22/22 MP: 0/0
   329 | D:1      | Reached XP level 2. HP: 29/29 MP: 1/1
  1105 | D:2      | Found Noasuhet's Jewellery Emporium.
  1109 | D:2      | Reached XP level 3. HP: 36/36 MP: 2/2
  1188 | D:2      | Reached skill level 3 in Unarmed Combat
  1232 | D:2      | You fall into a shaft and drop 1 floor!
  1963 | D:3      | Reached XP level 4. HP: 44/44 MP: 3/3
  2125 | D:3      | Identified the ring of Yesterday {rElec rPois rF++ Will+
                  | Dex+2}
  2390 | D:3      | Found a faded altar of an unknown god.
  2574 | D:4      | Noticed a scorpion
  2585 | D:4      | Killed a scorpion
  2586 | D:4      | Reached skill level 4 in Unarmed Combat
  2586 | D:4      | Reached XP level 5. HP: 41/53 MP: 4/4
  2748 | D:4      | Noticed an ogre
  3072 | D:4      | Reached XP level 6. HP: 58/61 MP: 5/5
  3081 | D:4      | Noticed Eustachio
  3270 | D:4      | Reached skill level 5 in Unarmed Combat
  3400 | D:4      | Killed Eustachio
  3401 | D:4      | Reached XP level 7. HP: 70/70 MP: 6/6
  3456 | D:4      | Found a broken altar of Ashenzari.
  3664 | D:5      | Entered Level 5 of the Dungeon
  3690 | D:5      | Found a basalt altar of Yredelemnul.
  3779 | D:5      | Reached skill level 6 in Unarmed Combat
  3828 | D:5      | Noticed Edmund
  3840 | D:5      | Killed Edmund
  3888 | D:5      | Found a staircase to the Ecumenical Temple.
  3949 | D:5      | Reached XP level 8. HP: 67/79 MP: 7/7
  4013 | D:5      | Reached skill level 5 in Shields
  4056 | D:5      | Reached skill level 7 in Unarmed Combat
  4074 | Temple   | Entered the Ecumenical Temple
  4475 | D:5      | Noticed Grinder
  4481 | D:5      | Paralysed by Grinder for 2 turns
  4484 | D:5      | Killed Grinder
  4582 | D:5      | Reached skill level 5 in Fighting
  4713 | D:5      | Reached skill level 8 in Unarmed Combat
  4876 | D:6      | Reached XP level 9. HP: 88/88 MP: 8/8
  5303 | D:6      | Found a runed translucent gate.
  5303 | D:6      | Found a runed translucent gate.
  5304 | D:6      | Found a runed translucent gate.
  5305 | D:6      | Noticed crux's ghost (novice OpTm)
  5307 | D:6      | Noticed Vylera's ghost (novice DjFE)
  5513 | D:6      | Found a sparkling altar of Nemelex Xobeh.
  5940 | D:7      | Noticed Menkaure
  5944 | D:7      | Killed Menkaure
  6133 | D:7      | Noticed a two-headed ogre
  6270 | D:7      | Reached skill level 9 in Unarmed Combat
  6392 | D:7      | Found a white marble altar of Elyvilon.
  6701 | D:7      | Found a huge runed translucent gate.
  6701 | D:7      | Found a huge runed translucent gate.
  6701 | D:7      | Found a huge runed translucent gate.
  6701 | D:7      | Noticed a polar bear
  6701 | D:7      | Noticed a polar bear
  6702 | D:7      | Found a huge runed translucent gate.
  6702 | D:7      | Noticed a polar bear
  6702 | D:7      | Noticed a polar bear
  6784 | D:7      | Killed a two-headed ogre
  6785 | D:7      | Reached skill level 5 in Dodging
  6855 | D:7      | Noticed a polar bear
  7087 | D:7      | Reached XP level 10. HP: 98/98 MP: 9/9
  7368 | D:8      | Found a hide-covered altar of Uskayaw.
  7494 | D:8      | Found an ornate altar of the Wu Jian Council.
  7502 | D:8      | Became a worshipper of the Wu Jian Council
  7546 | D:8      | Reached skill level 10 in Unarmed Combat
  7620 | D:8      | Found a glowing silver altar of Zin.
  7626 | D:8      | Found a sacrificial altar of Ru.
  7712 | D:8      | Slain by an orc warrior

Illustrated notes

Levels and vault maps discovered:
D:1:      dpeg_arrival_three_same_balls, layout_loops_corners
D:2:      layout_basic, serial_shops, nicolae_diamond_shop
D:3:      layout_basic, hellmonk_ecumenical_altar_heavens_door
D:4:      layout_loops_ring, kennysheep_little_box, nicolae_titane,
          uniq_eustachio
D:5:      layout_basic, yredelemnul_altar_generic,
          minmay_temple_entry_drinking_statues, kennysheep_crisscross,
          uniq_edmund, uniq_grinder
D:6:      layout_basic, lemuel_coloured_pillars_altar, gammafunk_ghost_cemetery
D:7:      lemuel_bear_cage, layout_basic, nicolae_elyvilon_temple_path,
          serial_bayou_lake_a, uniq_menkaure
D:8:      layout_loops_cross, nzn_wu_jian_contemplation,
          nicolae_ru_great_annihilating_truth, nicolae_overflow_hidden_temple,
          grunt_temple_overflow_open, grunt_decor_arrowhead
Temple:   chequers_temple_sunken

Skill      XL: |  1  2  3  4  5  6  7  8  9 10 |
---------------+-------------------------------+-----
Shields        | 3 4 5 6 |  6.9
Unarmed Combat | 3 4 5 6 8 9 10 | 10.1
Fighting       | 3 4 5 6 |  6.3
Dodging        | 3 4 5 |  5.3

Action                   |  1- 3 |  4- 6 |  7- 9 | 10-12 || total
-------------------------+-------+-------+-------+-------++-------
Melee: Unarmed           |   149 |   136 |   238 |    90 ||   613
Throw: Dart              |       |       |    22 |       ||    22
Invok: Lunge             |       |       |       |     8 ||     8
  Use: Scroll            |       |     6 |     4 |       ||    10
       Potion            |       |     1 |     4 |       ||     5
 Stab: Sleeping          |     1 |     1 |     1 |       ||     3
       Paralysed         |       |       |       |     1 ||     1
Armor: Robe              |    43 |    32 |    31 |       ||   106
       Steam dragon scal |       |       |     4 |    33 ||    37
Dodge: Dodged            |    57 |    39 |    88 |    42 ||   226
Block: Kite shield       |    42 |    45 |    98 |    50 ||   235

Table legend: (Time is in decaauts)
 A = Elapsed time spent in this place.
 B = Non-inter-level travel time spent in this place.
 C = Inter-level travel time spent in this place.
 D = Time resting spent in this place.
 E = Time spent auto-exploring this place.
 F = Levels seen in this place.
 G = Mean time per level.
                   A        B        C        D        E       F      G
               +--------+--------+--------+--------+--------+-----+--------+
         Total |   7734 |   6793 |    941 |    284 |   4544 |   9 |  859.3 |
       Dungeon |   7527 |   6614 |    913 |    284 |   4376 |   8 |  940.9 |
        Temple |    206 |    178 |     28 |      0 |    168 |   1 |  206.0 |
               +--------+--------+--------+--------+--------+-----+--------+

Top non-repeatable levels by time:
     D:7: 1233 daAuts
     D:6: 1144 daAuts
     D:1: 1002 daAuts
     D:4: 969 daAuts
     D:5: 968 daAuts
     D:2: 949 daAuts
     D:3: 780 daAuts
     D:8: 479 daAuts
  Temple: 206 daAuts
